[Event "Late-Titled-Tuesday-Blitz-September-26-2023"]
[Site "Chess.com"]
[Date "2023.09.26"]
[Round "8"]
[White "FairChess_on_YouTube"]
[Black "Hrant_ChessMood"]
[Result "0-1"]
[WhiteElo "3074"]
[BlackElo "2914"]
[TimeControl "180+1"]
[EndTime "15:26:36 PDT"]
[Termination "Hrant_ChessMood won on time"]

1. c4 e6 2. Nf3 d5 3. cxd5 exd5 4. g3 Nf6 5. Bg2 c6 6. O-O Be7 7. b3 O-O 8. Bb2 Bg4 9. d3 Nbd7 10. Nbd2 Re8 11.
a3 a5 12. Qc2 Bf8 13. Rfe1 Qb6 14. e3 Qc5 15. Bc3 h6 16. Qb2 Bf5 17. b4 axb4 18. axb4 Qb6 19. Bf1 Bh7 20. Reb1 Rec8 21. Bd4 Qd8 22.
Qc3 Ne8 23. Bh3 Nd6 24. Nb3 Nb5 25. Qd2 Nxd4 26. Nfxd4 Rcb8 27. Bxd7 Qxd7 28. Nc5 Bxc5 29. bxc5 Bg6 30. f3 Qe7 31. Nb3 Rxa1 32. Rxa1 b6 33. Nd4 Qxc5 34. Rc1 Qa5 35. Qxa5 bxa5 36. Nxc6 Rb3 37.
Ne7+ Kh7 38. Nxg6 Kxg6 39. Rc5 Rxd3 40. Rxa5 Rxe3 41. Rxd5 Rxf3 42. Kg2 Ra3 43. g4 Kf6 44. h3 g6 45. Rb5 Rd3 46. Ra5 Ke6 47. Rb5 Rd5 48. Rb7 Rd7 49. Rb5 Rd5 50. Rb7 h5 51. Kg3 Rd3+ 52. Kg2 h4 53. Rb5 Rg3+ 54. Kh2 Rc3 55. Kg2 Rc2+ 56. Kg1 f6 57. Ra5 Rd2 58. Rb5 Rd5 59. Rb3 Ke5 60. Kg2 Ke4 61. Rb6 Rd2+ 62. Kg1 Kf3 63. Rxf6+ Kg3 64. Kf1 Kxh3 65. Rxg6 Kg3 66.
Rh6 h3 67. g5 h2 68. g6 Rd5 69. g7 Rg5 70. Rh7 Rg6 71. Ke2 Kg2 0-1

[Event "Late-Titled-Tuesday-Blitz-September-26-2023"]
[Site "Chess.com"]
[Date "2023.09.26"]
[Round "8"]
[White "jcmesafischer"]
[Black "rose107"]
[Result "1/2-1/2"]
[WhiteElo "2324"]
[BlackElo "2128"]
[TimeControl "180+1"]
[EndTime "15:26:40 PDT"]
[Termination "Game drawn by repetition"]

1. e4 c5 2. Nf3 Nc6 3. Bb5 g6 4. O-O Bg7 5. Re1 Nf6 6. e5 Nd5 7.
Nc3 Nxc3 8. dxc3 O-O 9. h3 d5 10. exd6 exd6 11. Bg5 Qc7 12. Bxc6 Qxc6 13. Be7 Re8 14.
Qxd6 Qb5 15. Bf6 Rxe1+ 16. Rxe1 Bf5 17. Bxg7 Kxg7 18. Re7 Qxb2 19. Qe5+ Kg8 20. Ng5 Qc1+ 21. Kh2 Qxg5 22. Qxc5 Qf4+ 23. g3 Qf3 24. Qd4 Qh5 25. g4 Qg5 26. Re5 Rd8 27. Rd5 Rxd5 28. Qxd5 Qf4+ 29. Kg1 Be4 30. Qd8+ Kg7 31. Qd4+ Kh6 32.
Qxa7 Qf3 33. Kf1 Bxc2 34. Qd4 Qxh3+ 35. Ke1 Qh1+ 36. Kd2 Qd1+ 37. Ke3 Qe1+ 38. Kf4 g5+ 39. Kf3 Bd1+ 40. Kg3 Qg1+ 41. Kh3 Qh1+ 42. Kg3 Qf3+ 43. Kh2 Qxg4 44. Qf6+ Kh5 45. Qxf7+ Kh4 46. Qxh7+ Qh5 47. Qe4+ g4 48. Qe7+ Qg5 49. Qe4 Bf3 50. Qe8 Qh5 51.
Qe7+ Qg5 52. Qh7+ Qh5 53. Qe7+ Qg5 54. Qc7 Kh5 55. Kg1 Qh6 56. Qh2+ Kg6 57. Qd6+ Kg5 58.
Qe5+ Kg6 59. Qe6+ Kg5 60. Qe5+ Kg6 61. c4 Qc1+ 62. Kh2 Qh6+ 63. Kg3 Qh3+ 64. Kf4 Qh6+ 65.
Kg3 Qg5 66. Qe6+ Kh5 67. Qf7+ Qg6 68. Qe7 Qg5 69. Qf7+ Qg6 70. Qe7 Qb6 71. Qh4+ Kg6 72. Qe7 Kf5 73. Qf7+ Kg5 74. Qe7+ Kf5 75. Qf7+ Ke5 76.
Qe7+ Kf5 1/2-1/2

[Event "Late-Titled-Tuesday-Blitz-September-26-2023"]
[Site "Chess.com"]
[Date "2023.09.26"]
[Round "8"]
[White "tdf98pantani"]
[Black "Fandorine"]
[Result "0-1"]
[WhiteElo "2697"]
[BlackElo "2937"]
[TimeControl "180+1"]
[EndTime "15:26:42 PDT"]
[Termination "Fandorine won on time"]

1. e4 e5 2. Nf3 Nc6 3. Bb5 a6 4. Ba4 Nf6 5. d3 d6 6. c3 Be7 7. O-O O-O 8. h3 h6 9. Re1 Re8 10. d4 b5 11. Bc2 exd4 12. cxd4 Nb4 13. Bb3 c5 14. a3 Nc6 15. Nc3 cxd4 16. Nd5 Be6 17.
Nxd4 Nxd4 18. Qxd4 Nxd5 19. Bxd5 Bf6 20. Qd3 Bxd5 21.
Qxd5 Rc8 22. a4 b4 23. Qd3 a5 24. Rd1 Qe7 25. f3 Red8 26. Rb1 Qd7 27. Qb3 Qe6 28.
Rd5 Rc5 29. Be3 Rxd5 30. Qxd5 Qxd5 31. exd5 Rc8 32. Bb6 b3 33. Bxa5 Ra8 34. Bb4 Rxa4 35. Bxd6 Rd4 36. Ba3 Rxd5 37. Rc1 h5 38. Rc8+ Kh7 39.
Rb8 Rd3 40. Kf1 h4 41. Ke2 Rd5 42. Rxb3 Rg5 43. Kf1 Rd5 44. Re3 Kg6 45. Ke2 Kf5 46. Re4 g5 47. Rc4 Re5+ 48. Kd3 Re1 49. Rc5+ Kg6 50. Rc2 Rd1+ 51. Kc4 Be5 52. Bc5 f5 53. b4 g4 54. fxg4 fxg4 55. hxg4 Kg5 56. b5 Kxg4 57. b6 Bf4 58. Rb2 Rc1+ 59. Kd5 Rd1+ 60. Kc6 Rc1 61.
Rb4 Kf5 62. b7 Bg3 63. Kd5 Rd1+ 64. Rd4 Rb1 65. Bb4 Rb2 66. Kc6 Rc2+ 67. Kd7 Rxg2 68.
Bd6 Rb2 0-1

[Event "Late-Titled-Tuesday-Blitz-September-26-2023"]
[Site "Chess.com"]
[Date "2023.09.26"]
[Round "8"]
[White "jcibarra"]
[Black "ArtemDyachuk"]
[Result "1-0"]
[WhiteElo "2950"]
[BlackElo "2704"]
[TimeControl "180+1"]
[EndTime "15:26:43 PDT"]
[Termination "jcibarra won by checkmate"]

1. e4 c6 2. Nf3 d5 3. d3 Qc7 4. exd5 cxd5 5. c4 Nf6 6. Nc3 e6 7. a3 Be7 8. g3 O-O 9. Qe2 b6 10.
Bg2 Bb7 11. Bf4 Qd8 12. O-O Nbd7 13. Rfe1 a6 14. b4 Rc8 15. Rac1 Re8 16. h3 Nf8 17. Ne5 Ng6 18. Nxg6 hxg6 19. Be5 Nd7 20. Bd4 Bf6 21. Bxf6 Qxf6 22. Na4 Bc6 23. Nc3 Bb7 24. Kh2 g5 25. Rc2 g6 26. Rec1 Kg7 27. Kg1 Qd4 28. Nd1 Nf6 29. Ne3 Red8 30. Rc3 Rc7 31. Qe1 Rdc8 32. Nc2 Qxc3 33. Qxc3 dxc4 34. Bxb7 cxd3 35. Qxd3 Rxb7 36. Re1 Rbc7 37. Ne3 b5 38. Qd4 Rc3 39. Ng4 e5 40.
Qxe5 R3c6 41. Kg2 Re6 42. Qa1 Rcc6 43. Rxe6 Rxe6 44. Nxf6 Rxf6 45. g4 a5 46. bxa5 b4 47. axb4 Kh6 48. Qxf6 Kh7 49. Qxf7+ Kh6 50. Qf8+ Kh7 51.
Qe7+ Kh6 52. Qe5 Kh7 53. b5 Kh6 54. Kf3 Kh7 55. Ke3 Kh6 56. Kd4 Kh7 57. Kd5 Kh6 58. Kc6 Kh7 59. b6 Kh6 60. a6 Kh7 61. a7 Kh6 62. b7 Kh7 63. Kc7 Kh6 64. b8=Q Kh7 65.
a8=Q Kh6 66. f4 Kh7 67. Qe7+ Kh6 68. Qxg5+ Kh7 69. Qh4+ Kg7 70. f5 g5 71. Qb2+ Kf7 72. Qaa2+ Ke7 73. Qxg5+ Ke8 74. Qg6+ Ke7 75. Qd6+ Ke8 76.
Qa4+ Kf7 77. Qbb3+ Kg7 78. g5 Kh7 79. h4 Kg7 80. h5 Kh7 81. g6+ Kg7 82. f6+ Kh6 83. g7 Kxh5 84. g8=Q Kh6 85. f7+ Kh5 86. Qf3# 1-0

[Event "Late-Titled-Tuesday-Blitz-September-26-2023"]
[Site "Chess.com"]
[Date "2023.09.26"]
[Round "8"]
[White "elcala"]
[Black "K_alena13"]
[Result "1-0"]
[WhiteElo "1739"]
[BlackElo "2071"]
[TimeControl "180+1"]
[EndTime "15:26:55 PDT"]
[Termination "elcala won on time"]

1. d4 d5 2. Nf3 Nf6 3. Bf4 e6 4. e3 c5 5. c3 Nc6 6. Nbd2 Bd6 7. Ne5 O-O 8. Ndf3 Qc7 9. Be2 b6 10. h3 Ne4 11. O-O f6 12. Nxc6 Qxc6 13. Bxd6 Qxd6 14. Nd2 Ng5 15. Nf3 Nf7 16. Qc2 Bb7 17. Bd3 f5 18.
Rac1 c4 19. Be2 b5 20. b3 Bc6 21. b4 a5 22. a3 axb4 23. axb4 Ra3 24. Ra1 Rfa8 25.
Qb2 R3a7 26. Rxa7 Rxa7 27. Ra1 Qb8 28. Rxa7 Qxa7 29. Bd1 Qa6 30. Bc2 h6 31. Nd2 Nd6 32. f4 Ne4 33. Nxe4 fxe4 34. Bb1 Be8 35. Qa2 Qxa2 36.
Bxa2 Kf7 37. g3 Kf6 38. h4 g5 39. hxg5+ hxg5 40. Kf2 Kf5 41. Bb1 Kg4 42. Bc2 Bf7 43. Bd1+ Kf5 44. Be2 Bg6 45. Bd1 Bf7 46. Be2 Kg6 47.
Bd1 Kh6 48. Bg4 Kg6 49. Bd1 Kf6 50. Bg4 Bg6 51. Bd1 Bf5 52. Be2 Bh7 53. Bg4 Bf5 54. Bh5 Bh7 55. Be8 gxf4 56. gxf4 Ke7 57. Bxb5 Kd6 58.
Ba4 Bf5 59. Kg3 Kc7 60. Kh4 Kd6 61. Kg5 Bh3 62. Kf6 Bf5 63. Be8 Bg4 64. b5 Bf3 65. b6 Bg4 66. Bf7 Kc6 67. Bxe6 Be2 68. b7 Kxb7 69. Bxd5+ Kc7 70. Bxe4 Kd6 71. f5 Bg4 72.
Kg6 Ke7 73. f6+ Kf8 74. Bd5 Be2 75. e4 Bd3 76. Kg5 Ke8 77. e5 Kf8 78. e6 Be2 79.
Bc6 Bh5 80. Kxh5 1-0

[Event "Late-Titled-Tuesday-Blitz-September-26-2023"]
[Site "Chess.com"]
[Date "2023.09.26"]
[Round "8"]
[White "Journey_to_GrandMaster_YT"]
[Black "ljm509"]
[Result "0-1"]
[WhiteElo "2588"]
[BlackElo "2361"]
[TimeControl "180+1"]
[EndTime "15:26:56 PDT"]
[Termination "ljm509 won by resignation"]

1. d4 Nf6 2. Nf3 e6 3. c4 d5 4. Nc3 c5 5. cxd5 cxd4 6. Qxd4 exd5 7. Bg5 Be7 8. e3 Nc6 9. Qd1 O-O 10. Be2 h6 11. Bh4 Be6 12. O-O Qa5 13. Nb5 a6 14.
Nbd4 Rfe8 15. a3 Qb6 16. b4 Ne4 17. Bxe7 Rxe7 18. Rc1 Rc8 19. Qd3 Ree8 20. h3 Bd7 21.
Nb3 Be6 22. Nc5 Rcd8 23. Nxe4 dxe4 24. Qxe4 Bxh3 25. Qf4 Be6 26. Rfd1 Rxd1+ 27. Rxd1 Rd8 28. Rxd8+ Qxd8 29. Kh2 Qd7 30. Bc4 Bxc4 31. Qxc4 Qd6+ 32. g3 g6 33. Kg2 Kg7 34. Qc3+ Qf6 35. Qxf6+ Kxf6 36.
Nd2 Ke5 37. f4+ Kd5 38. Kf3 f5 39. Ke2 Na7 40. Kd3 Nb5 41. Nc4 Nd6 42. Ne5 g5 43. Nf3 Ne4 44. fxg5 hxg5 45. a4 g4 46. Nh4 Nxg3 47.
Ng6 b5 48. a5 Ne4 49. Ne7+ Ke6 50. Nc6 g3 51. Nd4+ Ke5 52. Nf3+ Kd5 53. Ne1 Nf2+ 54. Ke2 Ne4 55. Kd3 Nf2+ 56. Ke2 Ng4 57. Kd3 Ne5+ 58. Ke2 Nc6 59. Nc2 Kc4 60. Kf3 Kc3 61. Ne1 Kxb4 62. Kxg3 Kxa5 63. Kf4 Kb4 64. Kxf5 Kc3 65. e4 b4 66. Ng2 b3 67. Ne3 b2 68. Nd1+ Kc2 69. Nxb2 Kxb2 70. Ke6 Kc3 71. Kd6 Nd4 72. e5 a5 73. Kd5 a4 74. Ke4 a3 75.
Ke3 a2 76. Ke4 a1=Q 0-1

[Event "Late-Titled-Tuesday-Blitz-September-26-2023"]
[Site "Chess.com"]
[Date "2023.09.26"]
[Round "8"]
[White "GoltsevDmitry2000"]
[Black "WPWPWP-2015"]
[Result "1-0"]
[WhiteElo "2612"]
[BlackElo "2503"]
[TimeControl "180+1"]
[EndTime "15:27:03 PDT"]
[Termination "GoltsevDmitry2000 won by resignation"]

1. e4 e5 2. Nf3 Nf6 3. Nxe5 d6 4. Nf3 Nxe4 5. d3 Nf6 6. d4 d5 7. c4 c6 8. Nc3 Bd6 9. Bd3 h6 10. O-O O-O 11. Re1 Re8 12. a3 Bg4 13. Rxe8+ Qxe8 14. Bd2 Nbd7 15. Rc1 dxc4 16. Bxc4 Nb6 17. Bb3 Qe7 18. h3 Bh5 19. Qc2 Bxf3 20. gxf3 Bc7 21. Qg6 Kf8 22. Qg2 Qd7 23. Ne4 Nbd5 24. Kh1 Nxe4 25. fxe4 Nf4 26. Qg4 Qxg4 27. hxg4 Ne2 28. Rd1 Rd8 29. d5 Bb6 30. Bc4 Nd4 31. Bc3 Nf3 32. Kg2 Ng5 33. Kg3 Ke7 34. f3 f6 35. e5 fxe5 36. Bxe5 Kf8 37. d6 Bc5 38. b4 Bb6 39. d7 Nf7 40. Bf4 Ke7 41. Re1+ Kf8 42. Be6 g5 43. Bd2 Bc7+ 44. Kg2 Ne5 45. Bc3 Nxd7 46. Rh1 Ne5 47. Rxh6 Ke7 48. Bf5 Nf7 49. Re6+ Kf8 50. Bf6 Re8 51. Bg7+ Kxg7 52. Rxe8 Nd6 53. Ra8 Bb6 54. Bc8 Kf6 55.
Bd7 Ke7 56. Bf5 Kf6 57. Bd3 Ke5 58. Rg8 Kd4 59. Bb1 Nf7 60. Rg7 Ne5 61. Rxg5 Nc4 62.
a4 Nd2 63. Be4 Nc4 64. Rg7 a5 65. Rxb7 axb4 66. Bxc6 b3 67. Be4 Nd2 68. Bf5 Nc4 69. a5 Bxa5 70. Rxb3 Bc7 71. Rb5 Ne3+ 72. Kh3 Nd5 73.
Be4 Nf4+ 74. Kh4 Bd8+ 75. g5 Ne6 76. Rd5+ Ke3 77. Kh5 Nf4+ 78. Kh6 Nxd5 79. Bxd5 Kd4 80. Be4 Ke5 81. g6 Bf6 82. g7 Bxg7+ 83. Kxg7 Kf4 84. Kf6 Ke3 85. Ke5 Kf2 86. f4 Kg3 87. f5 Kh2 88. f6 Kg1 89. f7 Kh2 90. f8=Q Kg1 91. Qf3 1-0

[Event "Late-Titled-Tuesday-Blitz-September-26-2023"]
[Site "Chess.com"]
[Date "2023.09.26"]
[Round "8"]
[White "karinachess1"]
[Black "DvaHrasta"]
[Result "1/2-1/2"]
[WhiteElo "2624"]
[BlackElo "2512"]
[TimeControl "180+1"]
[EndTime "15:27:05 PDT"]
[Termination "Game drawn - insufficient material"]

1. d4 Nf6 2. c4 e6 3. Nc3 Bb4 4. Qc2 d5 5. a3 Bxc3+ 6. Qxc3 O-O 7. Nf3 Nbd7 8. e3 c6 9. Bd3 a5 10. O-O a4 11. Qc2 b6 12. Bd2 Ba6 13. Ne5 Nxe5 14. dxe5 Nd7 15. f4 g6 16. cxd5 Bxd3 17. Qxd3 Nc5 18. Qe2 cxd5 19. Bb4 Re8 20. Bxc5 bxc5 21. Rac1 c4 22. e4 Rb8 23. Rfd1 Qb6+ 24. Kh1 Qxb2 25. Qxb2 Rxb2 26. exd5 exd5 27. Rxd5 Rc8 28. h4 Rb3 29. Rd4 c3 30. Rxa4 c2 31. Re4 Rxa3 32. Re2 Rac3 33. Kg1 R8c6 34. Kf2 Kf8 35. g4 Ke7 36. f5 R6c4 37. e6 f6 38. g5 Rf4+ 39. Kg2 Rg4+ 40. Kf2 Rf4+ 41. Kg2 fxg5 42. fxg6 hxg6 43. hxg5 Rfc4 44. Kf2 Rc5 45. Ke1 Rxg5 46. Rcxc2 Rxc2 47. Rxc2 Kxe6 48. Kf2 Rg4 49. Kf3 Rg1 50. Rc6+ Kf5 51. Rc5+ Kf6 52. Ra5 Re1 53. Kg2 Re5 54. Ra6+ Kf5 55.
Ra2 Re4 56. Kg1 g5 57. Ra1 Kg4 58. Rb1 Re3 59. Ra1 Kh3 60. Rb1 g4 61. Ra1 g3 62.
Rb1 Re2 63. Ra1 Rg2+ 64. Kh1 Rh2+ 65. Kg1 Rg2+ 66. Kh1 Rd2 67. Kg1 Kg4 68. Rb1 Kf3 69. Rb3+ Kf4 70. Rb1 Rc2 71. Ra1 Kf3 72. Ra3+ Kg4 73.
Ra1 Kh3 74. Rb1 Ra2 75. Rc1 Ra8 76. Rb1 Rc8 77. Ra1 Re8 78. Rb1 Ra8 79. Rc1 Rb8 80.
Ra1 Rb2 81. Rc1 Rg2+ 82. Kh1 Rh2+ 83. Kg1 Ra2 84. Rb1 Ra3 85. Rc1 Kg4 86. Rb1 Kf3 87. Rc1 Re3 88. Rb1 Rd3 89. Rc1 Rd2 90. Rc3+ Kf4 91. Rc1 Kg4 92. Ra1 Rd8 93. Rb1 Kh3 94. Ra1 Rf8 95. Rb1 Rf3 96. Ra1 g2 97. Rb1 Kg3 98. Rc1 Re3 99. Rb1 Kf3 100. Rc1 Kg3 101. Rb1 Re8 102. Rb3+ Kf4 103. Kxg2 Re2+ 104. Kf1 Re3 105. Rxe3 Kxe3 1/2-1/2

[Event "Late-Titled-Tuesday-Blitz-September-26-2023"]
[Site "Chess.com"]
[Date "2023.09.26"]
[Round "8"]
[White "Chempiblinka"]
[Black "ATM622"]
[Result "1-0"]
[WhiteElo "2293"]
[BlackElo "2417"]
[TimeControl "180+1"]
[EndTime "15:27:05 PDT"]
[Termination "Chempiblinka won by checkmate"]

1. Nf3 d5 2. g3 Nf6 3. Bg2 g6 4. O-O Bg7 5. c4 c6 6. d4 O-O 7. Nbd2 dxc4 8. Nxc4 Nbd7 9. Bd2 a5 10.
Re1 c5 11. Bc3 Nd5 12. e4 Nxc3 13. bxc3 cxd4 14. cxd4 b5 15. Ne3 Bb7 16. d5 Nc5 17. Nd4 b4 18. Rc1 Rc8 19. Nc4 Ba6 20. Nc6 Rxc6 21.
dxc6 Nd3 22. c7 Qd4 23. Ne3 Nxc1 24. Qxc1 Rc8 25. Rd1 Qc3 26. Nd5 Qxc1 27. Rxc1 Kf8 28. Nb6 Bb2 29. Rc2 Bc3 30. Nxc8 Bxc8 31. Rc1 e5 32. Rd1 Bd4 33. Bf1 Ke7 34. Bc4 f5 35.
Bg8 h6 36. Kg2 Bb7 37. Bd5 Bc8 38. f4 Kd6 39. fxe5+ Kxe5 40. Bf7 fxe4 41. Bxg6 e3 42. Kf3 Bb7+ 43. Ke2 Bc8 44. Bh5 Ba6+ 45. Kf3 Bb7+ 46. Kg4 Bc8+ 47. Kh4 Ke4 48. Bg4 Bf6+ 49. Kh3 Bb7 50.
c8=Q Bxc8 51. Bxc8 e2 52. Re1 Ke3 53. Bg4 Bc3 54.
Rxe2+ Kd3 55. Bh5 Kc4 56. Kg2 Kb5 57. g4 Ka4 58. Re4 Bf6 59. Bf7 Ka3 60. h3 a4 61.
Kg3 Bg5 62. h4 Bd8 63. g5 hxg5 64. h5 Bc7+ 65. Kg4 Bd8 66. Re6 b3 67. axb3 axb3 68. Re3 Ka2 69. Rxb3 Ka1 70. h6 Bf6 71. Ra3+ Kb2 72.
Ra6 Bd4 73. h7 Bg7 74. Rg6 Bh8 75. Rg8 Bf6 76. h8=Q Bxh8 77. Rxh8 Kc3 78. Kxg5 Kd4 79. Kf4 Kc5 80. Rd8 Kc6 81. Ke5 Kc7 82. Rd6 Kc8 83. Kd5 Kc7 84. Kc5 Kc8 85. Kb6 Kb8 86. Rd8# 1-0

[Event "Late-Titled-Tuesday-Blitz-September-26-2023"]
[Site "Chess.com"]
[Date "2023.09.26"]
[Round "8"]
[White "jinxy2009"]
[Black "Danishcrown"]
[Result "0-1"]
[WhiteElo "2274"]
[BlackElo "2131"]
[TimeControl "180+1"]
[EndTime "15:27:08 PDT"]
[Termination "Danishcrown won by checkmate"]

1. e4 e6 2. d4 d5 3. e5 c5 4. c3 Nc6 5. Nf3 Bd7 6. Be2 Nge7 7.
Na3 Ng6 8. Nc2 cxd4 9. cxd4 Be7 10. O-O O-O 11. g3 f6 12. h4 Be8 13. h5 Nh8 14. h6 g5 15. Bd3 Bh5 16. Be2 Bxf3 17. Bxf3 fxe5 18. dxe5 Nxe5 19. Be2 Nhg6 20. Nd4 Qb6 21.
Be3 Qd6 22. Rc1 a6 23. Bg4 Nxg4 24. Qxg4 Ne5 25. Qxe6+ Qxe6 26. Nxe6 Rfc8 27. Nxg5 Bxg5 28. Bxg5 Nf3+ 29. Kg2 Nxg5 30. Rcd1 Rd8 31. Rfe1 Rd7 32. Re5 Nf7 33. Rexd5 Rxd5 34. Rxd5 Rd8 35. Rf5 Nxh6 36. Rf4 Kg7 37. Rc4 Rd7 38. Rc8 Nf7 39. Rc3 Ne5 40. Rb3 Ng6 41. Rc3 Rf7 42. Rc8 h5 43. Rc4 Kh6 44.
f4 h4 45. f5 Rxf5 46. gxh4 Rf4 47. Rc7 Rxh4 48. Rxb7 Ra4 49. a3 Ra5 50. Kf2 Kg5 51. Ke2 Kf5 52. Kd3 Ne5+ 53. Kc3 Ke6 54. Rb6+ Kd5 55.
Rh6 Rc5+ 56. Kb3 Nc6 57. Rh5+ Kd6 58. Rh6+ Kc7 59. Rh7+ Kb6 60. Rh6 Rb5+ 61. Kc3 Rd5 62. Kc2 Kb5 63. b3 Rc5+ 64. Kb2 Re5 65. Rh4 Kb6 66. a4 Re2+ 67. Ka3 Re3 68. Rh6 a5 69. Rh5 Rd3 70. Rb5+ Kc7 71. Rh5 Re3 72. Rh7+ Kd6 73.
Rh5 Re5 74. Rh6+ Kc5 75. Rh4 Nb4 76. Rc4+ Kb6 77. Rh4 Re2 78. Rh6+ Kc7 79. Rh7+ Kd6 80.
Rh6+ Kd5 81. Rh5+ Re5 82. Rxe5+ Kxe5 83. Kb2 Kd4 84. Ka3 Nc6 85. Kb2 Kd3 86. Ka3 Kc3 87.
Ka2 Kb4 88. Kb2 Nd4 89. Ka2 Nxb3 90. Kb2 Nc5 91. Ka2 Nxa4 92. Kb1 Nb6 93. Ka2 Nd7 94. Kb1 Nb8 95. Ka2 Nc6 96. Kb1 a4 97. Ka2 a3 98. Kb1 Nd4 99. Ka2 Ka4 100. Kb1 Kb3 101. Ka1 Nc2+ 102. Kb1 a2+ 103. Kc1 Kc3 104. Kd1 Kd3 105. Kc1 a1=Q# 0-1

[Event "Late-Titled-Tuesday-Blitz-September-26-2023"]
[Site "Chess.com"]
[Date "2023.09.26"]
[Round "8"]
[White "ozates"]
[Black "filipluczak05"]
[Result "1-0"]
[WhiteElo "2543"]
[BlackElo "2627"]
[TimeControl "180+1"]
[EndTime "15:27:09 PDT"]
[Termination "ozates won by resignation"]

1. c4 g6 2. Nc3 Bg7 3. g3 c5 4. Bg2 Nc6 5. e4 d6 6. Nge2 e6 7. O-O Nge7 8. d3 O-O 9. Be3 Nd4 10. a3 a6 11. Qd2 Rb8 12. Rab1 b5 13. cxb5 axb5 14. b4 Nec6 15. Bh6 Qf6 16. bxc5 dxc5 17. Nxd4 Nxd4 18. Bg5 Nf3+ 19. Bxf3 Qxc3 20. Qxc3 Bxc3 21. Be7 Re8 22. Bxc5 e5 23. Rfc1 Bd2 24. Rc2 Bh6 25. Bd6 Rb6 26. Bxe5 Bh3 27. d4 Ra6 28. Rc3 Rea8 29.
Bg2 Bd7 30. Rc7 Be8 31. Bf1 Rxa3 32. Bxb5 Ra1 33. Rxa1 Rxa1+ 34. Kg2 Bxb5 35. Rc8+ Bf8 36. Bd6 Bf1+ 37. Kf3 h5 38. Bxf8 Kh7 39. d5 g5 40.
Bc5 Ra4 41. d6 Bh3 42. Rd8 Kg6 43. d7 Kf6 44. e5+ Ke6 45. Ke3 Rc4 46. Bd6 Rc3+ 47. Kd4 Rf3 48. Rh8 Kxd7 49. Rxh5 Be6 50. Rxg5 Rxf2 51.
h4 Kc6 52. h5 Rd2+ 53. Ke3 Rh2 54. g4 Rh3+ 55. Kf4 Bd5 56. Rg7 Rf3+ 57. Kg5 Rg3 58.
h6 Be6 59. Kf4 Rh3 60. g5 Kd5 61. Rg8 Rh4+ 62. Kg3 Rg4+ 63. Kf3 Rh4 64. Ke3 Rh3+ 65. Kd2 Rh2+ 66. Kc3 Rh3+ 67. Kb4 Ke4 68. Kb5 Kd5 69.
Kb6 Rb3+ 70. Kc7 Rc3+ 71. Kb7 Rb3+ 72. Ka6 Kc6 73. h7 Rb1 74. Ka5 Kd5 75. h8=Q Ra1+ 76. Kb4 Rb1+ 77. Kc3 Rc1+ 78. Kd2 Rc4 79. Qh1+ Kd4 80.
Qf3 Bf5 81. Qe3+ Kd5 82. Qb3 Be6 83. g6 Kd4 84. Qe3+ Kd5 85. g7 Rd4+ 86. Qd3 Bf5 87. Qxd4+ Kxd4 88. Rf8 Bh7 89. g8=Q Bxg8 90. Rxg8 f5 91.
exf6 1-0

[Event "Late-Titled-Tuesday-Blitz-September-26-2023"]
[Site "Chess.com"]
[Date "2023.09.26"]
[Round "8"]
[White "Rutricks"]
[Black "alexrustemov"]
[Result "1-0"]
[WhiteElo "2692"]
[BlackElo "2867"]
[TimeControl "180+1"]
[EndTime "15:27:16 PDT"]
[Termination "Rutricks won on time"]

1. Nf3 d5 2. b3 Bf5 3. Bb2 e6 4.
e3 h6 5. Be2 Nf6 6. h3 Be7 7. c4 c6 8. Nc3 Nbd7 9. O-O O-O 10. Rc1 Re8 11. d3 Bh7 12. Qd2 Bd6 13. d4 Ne4 14. Nxe4 Bxe4 15. Qd1 Qe7 16. Bd3 f5 17.
Ne1 Qh4 18. Nf3 Qf6 19. Ne1 Qg5 20. Nf3 Bxf3 21. Qxf3 Nf6 22. cxd5 cxd5 23. Rc2 Ne4 24. Rfc1 Rf8 25. Bxe4 fxe4 26. Qg4 Qf6 27. f4 exf3 28. Rf2 Qf5 29. Qxf5 exf5 30. Rxf3 h5 31. Kf1 g6 32.
Ke2 Rac8 33. Kd3 Rxc1 34. Bxc1 Kg7 35. Bd2 Rc8 36. Rf1 Kf6 37. Be1 Ke6 38. Bh4 Bb4 39. Ra1 Rc3+ 40. Ke2 Rc2+ 41. Kf3 Bc3 42. Rg1 b5 43. g4 fxg4+ 44. hxg4 Rh2 45. Bg3 Rxa2 46. gxh5 gxh5 47. Rh1 a5 48. Rxh5 a4 49. Re5+ Kd6 50. Re8+ Kd7 51. Re5 Kc6 52. bxa4 bxa4 53. Re6+ Kb5 54.
Bd6 Bb4 55. Bxb4 Kxb4 56. Rd6 Kc4 57. Rc6+ Kd3 58. Rc5 a3 59. Rxd5 Rh2 60. Ra5 a2 61. d5 Kc3 62. Ke4 Kb3 63. d6 Rd2 64. Ke5 Kb4 65. Ra8 Kc5 66. e4 Rxd6 67. Ra5+ Kc6 68. Ra6+ Kc7 69. Ra7+ Kc6 70. Rxa2 Rd1 71. Ra6+ Kd7 72.
Ra7+ Ke8 73. Ke6 Kf8 74. Ra8+ Kg7 75. e5 Rd2 76. Ke7 Re2 77. e6 Rd2 78. Ra4 Rg2 79. Rf4 Kg8 80. Ke8 Kg7 81. e7 Kg8 82. Kd7 Rd2+ 83.
Ke6 Re2+ 84. Kd7 Rd2+ 85. Ke8 Re2 86. Rg4+ Kh7 87. Kf7 Rf2+ 88. Ke6 Re2+ 89. Kf6 Rf2+ 90. Ke5 Re2+ 91. Re4 1-0

[Event "Late-Titled-Tuesday-Blitz-September-26-2023"]
[Site "Chess.com"]
[Date "2023.09.26"]
[Round "8"]
[White "MITerryble"]
[Black "Polish_fighter3000"]
[Result "0-1"]
[WhiteElo "2950"]
[BlackElo "3091"]
[TimeControl "180+1"]
[EndTime "15:27:19 PDT"]
[Termination "Polish_fighter3000 won by resignation"]

1. a3 Nf6 2. Nf3 g6 3. b4 Bg7 4. Bb2 O-O 5. e3 d6 6. c4 e5 7. Be2 Re8 8. d3 b6 9. O-O Bb7 10. Nc3 Nbd7 11. Nd2 c6 12. Bf3 d5 13. b5 e4 14. bxc6 Bxc6 15. cxd5 exf3 16. dxc6 fxg2 17. Kxg2 Ne5 18. d4 Nxc6 19. Qf3 Rc8 20. Rac1 Qd7 21.
Nb3 Ne7 22. e4 Nh5 23. Rcd1 Rc4 24. Kh1 Rec8 25. Rd3 Bh6 26. d5 Bg7 27. Nd2 Rd4 28.
Rxd4 Bxd4 29. Nd1 Bxb2 30. Nxb2 f5 31. Qb3 fxe4 32. d6+ Kg7 33. Nbc4 Nf5 34. Qb2+ Kg8 35. Qe5 b5 36. Qd5+ Kg7 37. Qe5+ Kh6 38. Ne3 Nxd6 39.
Nxe4 Nxe4 40. Qxe4 Nf6 41. Qf4+ Kg7 42. Rg1 Qe6 43.
Nf5+ Kh8 44. Ne3 Qe4+ 45. Qxe4 Nxe4 46. Kg2 Rf8 47. f3 Nd2 48. Rd1 Nxf3 49. Rd7 a5 50. Ng4 Nh4+ 51. Kg3 g5 52. Ne5 h6 53. Kg4 Rf4+ 54.
Kh5 Kg8 55. Ng4 Kf8 56. Nxh6 Nf3 57. Rd8+ Ke7 58. Rb8 Rh4+ 59. Kg6 Rxh2 60. Rxb5 a4 61. Rb4 Ke6 62. Rxa4 Rg2 63. Ra6+ Kd5 64. Ra5+ Ke4 65. Ra4+ Kd3 66. Rb4 Ne5+ 67. Kf5 Nc6 68. Rb3+ Kc4 69.
Rh3 Nd4+ 70. Ke5 g4 71. Rh4 Nf3+ 72. Kf4 Nxh4 73. Nxg4 Ra2 74. Kg3 Nf5+ 75. Kf4 Nd4 76. Ne3+ Kb5 77. Ke4 Nb3 78. Nd5 Rxa3 79. Kd3 Nc5+ 80.
Kd4 Rd3+ 81. Ke5 Nd7+ 82. Ke6 Nb6 83. Nf4 Re3+ 84. Kf5 Kc5 85. Ne6+ Kd6 86. Nd4 Nd5 87. Kg5 Re5+ 88. Kg6 Re4 89. Nf3 Rg4+ 90. Kh5 Rg3 91. Ng5 Nf6+ 92. Kh4 Rg4+ 93. Kh3 Rxg5 0-1

[Event "Late-Titled-Tuesday-Blitz-September-26-2023"]
[Site "Chess.com"]
[Date "2023.09.26"]
[Round "8"]
[White "Jospem"]
[Black "Firouzja2003"]
[Result "1-0"]
[WhiteElo "3007"]
[BlackElo "3086"]
[TimeControl "180+1"]
[EndTime "15:27:40 PDT"]
[Termination "Jospem won on time"]

1. e4 c5 2. Nf3 e6 3. c3 Nf6 4. Bd3 Nc6 5. Bc2 e5 6. O-O d5 7. exd5 Qxd5 8. d3 Bf5 9. Re1 O-O-O 10. Bb3 Qd7 11. Ba4 Bd6 12. Na3 Bg4 13. h3 Bh5 14.
Nc4 Rhe8 15. Bg5 h6 16. Bxf6 gxf6 17. g4 Rg8 18. Kf1 Bg6 19. Nh4 Bh7 20. Ne3 Bc7 21. Nhf5 h5 22. Qe2 hxg4 23. hxg4 Kb8 24. Rad1 Rh8 25.
Qf3 Qe6 26. Bb3 Qc8 27. Bd5 Qd7 28. Be4 Bg6 29. Ke2 Bb6 30. Rh1 Rxh1 31. Rxh1 Ne7 32. Nxe7 Qxe7 33. Rd1 Qe6 34. c4 Rd7 35. Bf5 Bxf5 36.
gxf5 Qd6 37. Nd5 a6 38. Qe4 Ka7 39. Rh1 Bd8 40. b3 Qc6 41. Rh6 Qd6 42. Rh7 Qc6 43.
Rh6 Qd6 44. a3 Qc6 45. Rh8 Qd6 46. Qe3 Qc6 47. b4 Bb6 48. Qe4 Qa4 49. Kf1 Qd1+ 50. Kg2 cxb4 51. axb4 Bd4 52. Nxf6 Rd6 53. Ne8 Rb6 54.
Nc7 Rd6 55. Ra8+ Kb6 56. Nd5+ Rxd5 57. cxd5 Qd2 58. Qf3 Qg5+ 59. Qg3 Qxf5 60. Rd8 Qf6 61. Rg8 Qf5 62. Qf3 Qh7 63. Rg3 f5 64. d6 Qf7 65. Rh3 Qe6 66. Rg3 Qxd6 67. Qxf5 Qxb4 68.
Qe4 Ka5 69. Rg7 b5 70. Rg6 Qc5 71. Rf6 Kb4 72. Rxa6 Qc8 73. Rc6 Qg8+ 74. Kf1 Qb3 75. Qe1+ Ka3 76. Ra6+ Kb2 77. Qd2+ Kb1 78. Rc6 Qb2 79.
Qd1+ Ka2 80. Ra6+ Qa3 81. Qc2+ Bb2 82. Rxa3+ Kxa3 83. Ke2 b4 84. Kd1 b3 85. Qc5+ Ka2 86.
Qc4 Bd4 87. Kc1 Bb2+ 88. Kd2 Bd4 89. f4 1-0

[Event "Late-Titled-Tuesday-Blitz-September-26-2023"]
[Site "Chess.com"]
[Date "2023.09.26"]
[Round "9"]
[White "filipluczak05"]
[Black "RonArtest77"]
[Result "0-1"]
[WhiteElo "2607"]
[BlackElo "2508"]
[TimeControl "180+1"]
[EndTime "15:36:11 PDT"]
[Termination "RonArtest77 won by resignation"]

1. b3 e6 2. Bb2 d5 3. e3 c6 4. Nf3 f5 5. c4 Nf6 6. cxd5 exd5 7. Be2 Bd6 8. O-O O-O 9. d4 Nbd7 10. Nc3 Ne4 11.
Nxe4 fxe4 12. Ne5 Qe7 13. Nxd7 Bxd7 14. Qd2 Qh4 15. g3 Qh3 16. Rfe1 Rxf2 0-1

[Event "Late-Titled-Tuesday-Blitz-September-26-2023"]
[Site "Chess.com"]
[Date "2023.09.26"]
[Round "9"]
[White "elcala"]
[Black "tarno17"]
[Result "0-1"]
[WhiteElo "1737"]
[BlackElo "2162"]
[TimeControl "180+1"]
[EndTime "15:36:22 PDT"]
[Termination "tarno17 won by resignation"]

1. d4 d5 2. Nf3 Nf6 3. Bf4 e6 4. e3 Be7 5. Nbd2 O-O 6. Be2 b6 7. c3 Bb7 8. O-O Nbd7 9. Ne5 c5 10. Ndf3 Ne4 11. Nd2 f5 12. Ndf3 Ndf6 13. h3 Rc8 14. Qa4 a6 15. Qd1 b5 16. a4 b4 17. Qd2 Nxd2 0-1